 Dungeon Crawl Stone Soup version 0.24.0-123-gd5b16e6ec5 (webtiles) character file.

Game seed: 4520277483942979796, levelgen mode: deterministic

9331 glosham the Cleaver (level 11, -21/75 HPs)
             Began as a Mummy Abyssal Knight on Jan 7, 2020.
             Was a High Priest of Lugonu.
             Demolished by a komodo dragon (26 damage)
             ... on level 11 of the Dungeon.
             The game lasted 02:09:45 (7551 turns).

glosham the Cleaver (Mummy Abyssal Knight)          Turns: 7551, Time: 02:09:46

Health: -21/75     AC: 19    Str: 19    XL:     11   Next: 21%
Magic:  12/12      EV:  7    Int: 11    God:    Lugonu [*****.]
Gold:   143        SH:  0    Dex: 12    Spells: 9/10 levels left

rFire    x . .     SeeInvis .   a - +3 broad axe (chop)
rCold    + . .     Gourm    .   (no shield)
rNeg     + + +     Faith    .   X - +0 plate armour
rPois    ∞         Spirit   .   U - +1 helmet
rElec    .         Reflect  .   Y - +2 cloak
rCorr    .         Harm     +   V - +2 pair of gloves
MR       +....                  W - +0 pair of boots
Stlth    ..........             z - amulet of harm
HPRegen  0.22/turn              A - +2 ring of evasion
MPRegen  0.13/turn              Z - ring of wizardry

@: no status effects
A: no food or potions, fire vulnerability, cold resistance 1, negative energy
resistance 3, torment resistance, unbreathing
a: Depart the Abyss, Bend Space, Banish, Corrupt, Enter the Abyss, Renounce
Religion


You were on level 11 of the Dungeon.
You worshipped Lugonu.
Lugonu was extremely pleased with you.
You were not hungry.

You visited 1 branch of the dungeon, and saw 11 of its levels.
You visited the Abyss 1 time.

You collected 549 gold pieces.
You spent 406 gold pieces at shops.

Inventory:

Hand Weapons
 a - a +3 broad axe of chopping (weapon)
 b - a +0 vampiric halberd
 c - a +4 shortbow
 d - a +2 hand axe
 e - a +0 trident
 x - a +2 mace of venom
 E - a +0 glaive
 G - the +2 dagger of Trog's Brutal Revenge {antimagic, +Fly rF+ rN+ SInv}
   (You found it on level 8 of the Dungeon)

   It reduces the magical energy of the wielder, and disrupts the spells and
   magical abilities of those hit.
   Natural abilities and divine invocations are not affected.
   It protects you from fire.
   It protects you from negative energy.
   It lets you see invisible.
   It lets you fly.
 K - a +0 arbalest
 L - a +0 battleaxe of chopping
Missiles
 f - 324 arrows
 h - 3 javelins (quivered)
 q - 3 throwing nets
 s - 22 boomerangs
 t - 127 bolts
 B - 307 stones
 C - 70 sling bullets
 F - 12 curare-tipped darts
Armour
 y - a +1 cloak of magic resistance
 M - a +1 scale mail of cold resistance
 U - a +1 helmet (worn)
 V - a +2 pair of gloves (worn)
 W - a +0 pair of boots (worn)
 X - a +0 plate armour (worn)
 Y - a +2 cloak (worn)
Jewellery
 z - an amulet of harm (around neck)
 A - a +2 ring of evasion (left hand)
 Z - a ring of wizardry (right hand)
Wands
 g - a wand of digging (5)
 u - a wand of flame (22)
 v - a wand of iceblast (10)
 H - a wand of enslavement (7)
 I - a wand of acid (1)
Scrolls
 k - 10 scrolls of teleportation
 l - a scroll of blinking
 m - a scroll of fog
 n - 3 scrolls of fear
 o - 2 scrolls of remove curse
 p - a scroll of identify
 r - 3 scrolls of magic mapping
 w - a scroll of summoning
 D - a scroll of amnesia
 J - a scroll of immolation


   Skills:
 - Level 3.0 Fighting
 * Level 14.2 Axes
 - Level 1.5 Armour
 - Level 0.7 Dodging
 - Level 1.5 Invocations


You had 9 spell levels left.
You knew the following spells:

 Your Spells              Type           Power        Failure   Level  Hunger
z - Corona                Hex            #......      99%         1    N/A

Your spell library contained the following spells:

 Spells                   Type           Power        Failure   Level  Hunger
 Confusing Touch          Hex            #.....       99%         1    N/A
 Ensorcelled Hibernation  Hex/Ice        #.....       100%        2    N/A
 Confuse                  Hex            #.......     100%        3    N/A
 Dazzling Spray           Conj/Hex       #.....       100%        3    N/A
 Gell's Gravitas          Tloc           #.........   100%        3    N/A
 Ignite Poison            Fire/Tmut/Pois #.......     100%        3    N/A
 Tukima's Dance           Hex            #.......     100%        3    N/A
 Petrify                  Tmut/Erth      #.......     100%        4    N/A
 Fireball                 Conj/Fire      #.........   100%        5    N/A
 Metabolic Englaciation   Hex/Ice        #.........   100%        5    N/A
 Yara's Violent Unravell  Hex/Tmut       #.........   100%        5    N/A
 Bolt of Fire             Conj/Fire      #.........   100%        6    N/A
 Ring of Flames           Chrm/Fire      #.........   100%        7    N/A
 Ignition                 Fire           #.........   100%        8    N/A

Dungeon Overview and Level Annotations

Branches:
Dungeon (11/15)            Temple (0/1) D:6
   Lair: D:8-11         Orc: D:9-12

Altars:
Cheibriados
Nemelex Xobeh
Qazlal
Ru
Sif Muna
Wu Jian
The Shining One

Shops:
D:5 :   D:7 (


Innate Abilities, Weirdness & Mutations

You do not eat or drink.
Your flesh is vulnerable to fire.
You are immune to poison.
Your flesh is cold resistant. (rC+)
You are immune to negative energy. (rN+++)
You are immune to unholy pain and torment.
You can survive without breathing.


Message History

You throw a javelin.
The javelin pierces through the komodo dragon but does no damage.
Throwing (i - inventory. (/) - cycle)
h - 4 javelins (quivered)
Press: ? - help, Shift-Dir - straight line, f/p - komodo dragon
Aim: a komodo dragon You throw a javelin.
The javelin pierces through the komodo dragon.
The komodo dragon is lightly wounded.
Your plate armour prevents you from hitting the komodo dragon.
The komodo dragon is lightly wounded.
The komodo dragon bites you.
You hit the komodo dragon.
The komodo dragon is lightly wounded.
The komodo dragon hisses menacingly.
The komodo dragon bites you!!
Evoke which item? (* to show all) (? for menu, Esc to quit)
Aiming: Corrosive Bolt
Press: ? - help, Shift-Dir - straight line, f/p - komodo dragon
Aim: a komodo dragon (lightly wounded)
The bolt of acid hits the komodo dragon.
The komodo dragon is splashed with acid.
The acid corrodes the komodo dragon!
The komodo dragon is heavily wounded.
The komodo dragon bites you but does no damage.
You barely miss the komodo dragon.
The komodo dragon is heavily wounded.
The komodo dragon bites you but does no damage.
Your plate armour prevents you from hitting the komodo dragon.
The komodo dragon is heavily wounded.
The komodo dragon bites you!
You slash the komodo dragon!
The komodo dragon is almost dead.
Your plate armour prevents you from hitting the komodo dragon.
The komodo dragon is almost dead.
The komodo dragon bites you!!
* * * LOW HITPOINT WARNING * * *
Your plate armour prevents you from hitting the komodo dragon.
The komodo dragon is severely wounded.
The komodo dragon bites you!!
You die...

####### .......
....?(. ...(...
..(.... .......
#########l......
#.......@.......
#.#######.......
#.# ####+##
#.########
#>........
#.########
##'#####
#......#
#......#


You could see a komodo dragon.

Vanquished Creatures
  2 two-headed ogres (D:10)
  Pikel (D:7)
  2 trolls (D:9)
  Grinder (D:3)
  4 hippogriffs
  A spriggan (D:8)
  10 yaks
  A hungry ghost (D:7)
  Grum (D:9)
  Menkaure (D:7)
  A water moccasin (D:7)
  Duvessa (D:6)
  3 orc warriors
  4 slaves (D:7)
  3 ice beasts
  2 black bears (D:9)
  A hornet zombie (D:9)
  2 sky beasts (D:7)
  A phantom (D:5)
  4 wolves
  4 centaurs
  A big kobold (D:8)
  Blork the orc (D:5)
  4 bullfrogs
  A gnoll sergeant (D:5)
  Dowan (D:6)
  2 scorpions
  5 killer bees (D:7)
  3 crimson imps
  6 hounds
  2 jellies
  12 orc wizards
  3 orc priests
  A bullfrog skeleton (D:5)
  Crazy Yiuf (D:7)
  Terence (D:3)
  4 iguanas
  8 worker ants
  2 killer bee zombies (D:6)
  A hound zombie (D:7)
  A hound skeleton (D:5)
  A worker ant zombie (D:9)
  Robin (D:2)
  9 adders
  11 gnolls
  3 shadow imps
  3 worms
  3 leopard geckos
  32 orcs
  A ball python (D:3)
  3 giant cockroaches
  17 goblins
  9 hobgoblins
  6 jackals
  8 quokkas
  7 bats
  4 frilled lizards
  A jackal skeleton (D:8)
  A jackal zombie (D:7)
  11 kobolds
  A leopard gecko zombie (D:6)
  2 quokka skeletons
  5 rats
249 creatures vanquished.

Vanquished Creatures (others)
  Psyche (D:9)
  A lurking horror (Abyss:1)
  2 starspawn tentacles (Abyss:3)
4 creatures vanquished.

Grand Total: 253 creatures vanquished

Notes
Turn   | Place    | Note
-------+----------+-------------------------------------------
     0 | Abyss:1  | glosham the Mummy Abyssal Knight began the quest for the
                  | Orb.
     0 | Abyss:1  | Reached XP level 1. HP: 18/18 MP: 2/2
    24 | Abyss:1  | Found a corrupted altar of Lugonu.
    39 | Abyss:2  | Found a corrupted altar of Lugonu.
   104 | Abyss:3  | Noticed a small abomination
   116 | Abyss:3  | Noticed a small abomination
   132 | Abyss:3  | Noticed a smoke demon
   135 | Abyss:3  | Noticed a tentacled starspawn
   141 | Abyss:3  | Noticed a tentacled starspawn
   147 | D:1      | Escaped the Abyss
   301 | D:1      | Reached skill level 2 in Axes
   390 | D:1      | Reached XP level 2. HP: 20/24 MP: 3/3
   461 | D:1      | Reached * piety under Lugonu
   840 | D:2      | Reached skill level 3 in Axes
   840 | D:2      | Reached XP level 3. HP: 19/29 MP: 4/4
  1028 | D:2      | You fall into a shaft and drop 1 floor!
  1112 | D:3      | Noticed Terence
  1122 | D:3      | Killed Terence
  1122 | D:3      | Reached XP level 4. HP: 32/35 MP: 5/5
  1188 | D:3      | Noticed Grinder
  1209 | D:3      | Paralysed by Grinder for 3 turns
  1212 | D:3      | Killed Grinder
  1212 | D:3      | Reached skill level 5 in Axes
  1212 | D:3      | Reached XP level 5. HP: 18/41 MP: 6/6
  1212 | D:3      | Reached XP level 6. HP: 21/47 MP: 7/7
  1560 | D:3      | Reached ** piety under Lugonu
  1882 | D:2      | Noticed Robin
  1910 | D:2      | Killed Robin
  2468 | D:3      | Reached skill level 6 in Axes
  2609 | D:4      | Reached *** piety under Lugonu
  2609 | D:4      | Reached XP level 7. HP: 38/52 MP: 8/8
  2949 | D:5      | Entered Level 5 of the Dungeon
  3039 | D:5      | Found Amotucri's Book Emporium.
  3083 | D:5      | Reached skill level 7 in Axes
  3134 | D:5      | Found a glowing golden altar of the Shining One.
  3196 | D:5      | Reached skill level 8 in Axes
  3196 | D:5      | Reached XP level 8. HP: 30/58 MP: 9/9
  3220 | D:5      | Found a stormy altar of Qazlal.
  3231 | D:5      | Noticed an air elemental
  3268 | D:5      | Noticed Blork the orc
  3271 | D:5      | Killed Blork the orc
  3277 | D:5      | Found a shimmering blue altar of Sif Muna.
  3330 | D:5      | Found a sacrificial altar of Ru.
  3330 | D:5      | Found a snail-covered altar of Cheibriados.
  3333 | D:5      | Found an ornate altar of the Wu Jian Council.
  3753 | D:6      | Found a sparkling altar of Nemelex Xobeh.
  4054 | D:6      | Reached skill level 9 in Axes
  4136 | D:6      | Reached **** piety under Lugonu
  4306 | D:6      | Learned a level 1 spell: Corona
  4338 | D:6      | Found a staircase to the Ecumenical Temple.
  4347 | D:6      | Noticed Duvessa
  4350 | D:6      | Noticed Dowan
  4378 | D:6      | Killed Dowan
  4398 | D:6      | Killed Duvessa
  4523 | D:6      | Reached skill level 10 in Axes
  4553 | D:6      | Reached XP level 9. HP: 51/63 MP: 10/10
  4698 | D:7      | Noticed Pikel
  4740 | D:7      | Killed Pikel
  4885 | D:7      | Reached skill level 11 in Axes
  4893 | D:7      | Found Ishod's Antique Weapon Shoppe.
  4926 | D:7      | Bought a runed broad axe for 203 gold pieces
  5034 | D:7      | Found a runed translucent door.
  5035 | D:7      | Noticed Crazy Yiuf
  5044 | D:7      | Killed Crazy Yiuf
  5133 | D:7      | Noticed Menkaure
  5140 | D:7      | Killed Menkaure
  5511 | D:7      | Bought a glowing halberd for 203 gold pieces
  5657 | D:8      | Reached skill level 12 in Axes
  5657 | D:8      | Reached XP level 10. HP: 39/70 MP: 11/11
  5705 | D:8      | Identified the +2 dagger of Trog's Brutal Revenge
                  | {antimagic, +Fly rF+ rN+ SInv} (You found it on level 8 of
                  | the Dungeon)
  6266 | D:8      | Reached ***** piety under Lugonu
  6381 | D:9      | Noticed Grum
  6383 | D:9      | Noticed Psyche
  6555 | D:9      | Killed Psyche
  6651 | D:9      | Killed Grum
  6706 | D:9      | Reached skill level 13 in Axes
  6870 | D:10     | Entered Level 10 of the Dungeon
  7100 | D:10     | Reached XP level 11. HP: 59/75 MP: 12/12
  7203 | D:10     | Noticed a two-headed ogre
  7203 | D:10     | Noticed a two-headed ogre
  7218 | D:10     | Killed a two-headed ogre
  7218 | D:10     | Reached skill level 14 in Axes
  7221 | D:10     | Killed a two-headed ogre
  7550 | D:11     | HP: 5/75 [komodo dragon (22)]
  7551 | D:11     | Demolished by a komodo dragon

Levels and vault maps discovered:
D:1:      eino_arrival_druids_welcome, layout_basic
D:2:      layout_loops_corners, uniq_robin
D:3:      layout_loops_corners, uniq_grinder, uniq_terence
D:4:      layout_rooms
D:5:      layout_basic, grunt_temple_overflow_open, tgw_sif,
          nicolae_qazlal_style_of_elements, serial_shops,
          nicolae_shop_temple_entry_statues_fountains, first_ration
D:6:      minmay_octagon_keep, layout_basic, nicolae_overflow_hidden_temple,
          minmay_temple_entry_glass, serial_bayou_pond_c,
          palyth_stone_intersect, minmay_misc_feat_tower, uniq_duvessa
D:7:      layout_loops_corners, serial_shops, shop, uniq_pikel, uniq_menkaure,
          uniq_crazy_yiuf_cottage
D:8:      layout_basic, the_bakery
D:9:      layout_cave_pools, uniq_grum, uniq_psyche
D:10:     layout_long_grid
D:11:     layout_basic, dpeg_oklobed_lair

Skill      XL: |  1  2  3  4  5  6  7  8  9 10 11 |
---------------+----------------------------------+-----
Axes           | 2 3 5 6 8 10 12 13 14 | 14.2
Fighting       | |  3.0
Armour         | |  1.5
Dodging        | |  0.7
Invocations    | |  1.5

Action                   |  1- 3 |  4- 6 |  7- 9 | 10-12 || total
-------------------------+-------+-------+-------+-------++-------
Melee: Glaive            |    98 |   161 |    65 |       ||   324
       Hand axe          |    25 |    37 |    80 |       ||   142
       War axe           |       |       |   155 |       ||   155
       Dire flail        |       |       |    51 |       ||    51
       Broad axe         |       |       |    81 |   173 ||   254
       Halberd           |       |       |       |    88 ||    88
Throw: Throwing net      |       |     1 |       |       ||     1
       Javelin           |       |       |     9 |     9 ||    18
Invok: Depart the Abyss  |     1 |       |       |       ||     1
       Bend Space        |       |       |     6 |       ||     6
Evoke: Wand              |       |       |    14 |    17 ||    31
  Use: Scroll            |     6 |     4 |    11 |     3 ||    24
 Stab: Distracted        |       |       |       |     1 ||     1
Armor: Ring mail         |    58 |       |       |       ||    58
       Scale mail        |       |   129 |   198 |   119 ||   446
       Plate armour      |       |       |       |    12 ||    12
Dodge: Dodged            |    66 |   109 |   223 |   112 ||   510

Table legend:
 A = Turns spent in this place as a percentage of turns spent in the entire game.
 B = Non-inter-level travel turns spent in this place as a percentage of non-inter-level travel turns spent in the entire game.
 C = Inter-level travel turns spent in this place as a percentage of turns spent in this place.
 D = Turns resting spent in this place as a percentage of non-inter-level travel turns spent in this place.
 E = Turns spent auto-exploring this place as a percentage of non-inter-level travel turns spent in this place.
 F = Non-inter-level travel turns spent in this place divided by the number of levels of this place that you've seen.
                   A       B       C       D       E      F
               +-------+-------+-------+-------+-------+----------------------
         Total | 100.0 | 100.0 |  12.0 |   0.9 |   0.0 | 474.5
       Dungeon |  98.1 |  97.8 |  12.3 |   0.9 |   0.0 | 590.5
         Abyss |   1.9 |   2.2 |   0.0 |   0.0 |   0.0 |  49.0
               +-------+-------+-------+-------+-------+----------------------

Table legend:
 A = Kills in this place as a percentage of kills in entire the game.
 B = Kills by you in this place as a percentage of kills by you in the entire game.
 C = Kills by friends in this place as a percentage of kills by friends in the entire game.
 D = Other kills in this place as a percentage of other kills in the entire game.
 E = Experience gained in this place as a percentage of experience gained in the entire game.
 F = Experience gained in this place divided by the number of levels of this place that you have seen.
                   A       B       C       D       E      F
               +-------+-------+-------+-------+-------+----------------------
         Total | 100.0 | 100.0 |   N/A |   N/A | 100.0 | 952.1
       Dungeon | 100.0 | 100.0 |   N/A |   N/A | 100.0 | 1211.8
               +-------+-------+-------+-------+-------+----------------------

Levels and vault maps discovered:
D:1:      eino_arrival_druids_welcome, layout_basic
D:2:      layout_loops_corners, uniq_robin
D:3:      layout_loops_corners, uniq_grinder, uniq_terence
D:4:      layout_rooms
D:5:      layout_basic, grunt_temple_overflow_open, tgw_sif,
          nicolae_qazlal_style_of_elements, serial_shops,
          nicolae_shop_temple_entry_statues_fountains, first_ration
D:6:      minmay_octagon_keep, layout_basic, nicolae_overflow_hidden_temple,
          minmay_temple_entry_glass, serial_bayou_pond_c,
          palyth_stone_intersect, minmay_misc_feat_tower, uniq_duvessa
D:7:      layout_loops_corners, serial_shops, shop, uniq_pikel, uniq_menkaure,
          uniq_crazy_yiuf_cottage
D:8:      layout_basic, the_bakery
D:9:      layout_cave_pools, uniq_grum, uniq_psyche
D:10:     layout_long_grid
D:11:     layout_basic, dpeg_oklobed_lair
